 Dungeon Crawl Stone Soup version 0.28.0-45-g0d030f2227 (webtiles) character file.

Game seed: 8209680315265078368

2186 pkoi the Insei (level 8, -3/71 HPs)
             Began as a Demigod Fighter on Apr 11, 2022.
             Slain by Joseph
             ... wielding a +0 quarterstaff
              (7 damage)
             ... on level 7 of the Dungeon.
             The game lasted 00:10:26 (10080 turns).

pkoi the Insei (Demigod Fighter)                   Turns: 10080, Time: 00:10:27

Health: -3/71      AC: 14    Str: 17    XL:     8   Next: 87%
Magic:  0/10       EV:  4    Int: 14    God:
Gold:   299        SH:  7    Dex: 17    Spells: 1/7 levels left

rFire   . . .      SeeInvis .     - Unarmed
rCold   . . .      Faith    .   b - +1 buckler
rNeg    . . .      Spirit   +   f - +0 plate armour
rPois   .          Reflect  .   n - +2 helmet
rElec   .          Harm     .   (no cloak)
rCorr   .          Rampage  .   (no gloves)
Will    .....                   (no boots)
Stlth   ..........              o - amulet of guardian spirit
HPRegen 0.21/turn               (no ring)
MPRegen 0.12/turn               (no ring)

@: no status effects
A: high MP 1, forlorn, divine attributes
a: no special abilities


You were on level 7 of the Dungeon.
You visited 1 branch of the dungeon, and saw 7 of its levels.
You also visited: Ossuary.

You collected 299 gold pieces.

Inventory:

Hand Weapons
 j - a +0 whip
 A - a +0 whip of electrocution
Missiles
 k - 3 throwing nets (quivered)
Armour
 a - a +0 scale mail
 b - a +1 buckler (worn)
 f - a +0 plate armour (worn)
 g - a +0 chain mail
 n - a +2 helmet (worn)
Jewellery
 d - an amulet of the acrobat
 o - an amulet of guardian spirit (around neck)
Wands
 w - a wand of digging (2)
Scrolls
 e - 2 scrolls of enchant armour
 l - a scroll of fog
 q - a scroll of blinking
 u - a scroll of fear
 y - 2 scrolls of identify
Potions
 c - a potion of might
 i - 2 potions of heal wounds
 m - 3 potions of haste {unknown}
 p - 4 potions of curing {unknown}
 r - 2 potions of lignification {unknown}
 s - 3 potions of attraction {unknown}
 t - 3 potions of degeneration {unknown}
 z - a potion of ambrosia {unknown}


   Skills:
 + Level 6.3 Fighting
 - Level 3.0 Armour
 + Level 6.0 Shields
 * Level 7.8 Unarmed Combat


You had one spell level left.
You knew the following spells:

 Your Spells              Type           Power      Damage    Failure   Level
a - Ignite Poison         Fire/Tmut/Pois 0%         N/A       100%        3
b - Mephitic Cloud        Conj/Pois/Air  0%         N/A       100%        3

Your spell library contained the following spells:

 Spells                   Type           Power      Damage    Failure   Level
 Freezing Cloud           Conj/Ice/Air   0%         6-21      100%        5


Dungeon Overview and Level Annotations

Branches:
Dungeon (7/15)            Ossuary (visited)
 Temple: D:4-7

Shops:
D:1 (

Annotations:
D:7 Joseph


Innate Abilities, Weirdness & Mutations

You have an increased reservoir of magic. (+10% MP)
You shall have no god before yourself.
Your divine heritage dramatically boosts your attributes as you level up.


Message History

* * * LOW HITPOINT WARNING * * *
You barely miss Joseph.
Joseph is moderately wounded.
Joseph hits you with a +0 quarterstaff!
* * * LOW HITPOINT WARNING * * *
You barely miss Joseph.
Joseph is moderately wounded.
Joseph hits you with a +0 quarterstaff.
* * * LOW HITPOINT WARNING * * *
You barely miss Joseph.
Joseph is moderately wounded.
You punch Joseph!
Joseph is moderately wounded.
Joseph hits you with a +0 quarterstaff!
* * * LOW HITPOINT WARNING * * *
You closely miss Joseph.
Joseph is moderately wounded.
You block Joseph's attack.
Aiming: Polymorph
Press: ? - help, Shift-Dir - straight line, f - Joseph
Aim: Joseph, wielding a +0 quarterstaff, wearing a +0 ring mail, quivering sling bullets and carrying a wand of iceblast (4) (moderately wounded, will become a hog, a naga, or a tengu, chance to affect: 31%) Joseph easily resists.
The now-empty wand crumbles to dust.
Joseph hits you with a +0 quarterstaff.
* * * LOW HITPOINT WARNING * * *
Unknown command.
You don't have any such object.
Evoke which item? (* to show all) (? for menu, Esc to quit)
Okay, then.
You hit Joseph but do no damage.
Joseph is moderately wounded.
Joseph hits you with a +0 quarterstaff!
* * * LOW HITPOINT WARNING * * *
You closely miss Joseph.
Joseph is moderately wounded.
Joseph hits you with a +0 quarterstaff!
* * * LOW HITPOINT WARNING * * *
You punch Joseph!
Joseph is heavily wounded.
Joseph hits you with a +0 quarterstaff!
You die...

# # # # ##########
..........#########
..................#
................@.#
................@.#
..................#
..................#
#.................#
+...........<.....#
#..........#.#+####
..#........#.#
..#......##......
..#.#....##......


You could see Joseph.

Vanquished Creatures
  Edmund (D:4)
  A hornet zombie (D:6)
  2 ice beasts (D:5)
  An orc warrior (D:6)
  A black bear (D:5)
  A wolf (D:7)
  2 elf zombies (Ossuary)
  A bullfrog (D:6)
  4 scorpions
  3 wights
  7 howler monkeys
  2 centaur zombies (Ossuary)
  2 hounds
  2 orc priests
  2 bullfrog skeletons (D:5)
  A jelly (D:6)
  2 centaur skeletons (D:6)
  An iguana (D:4)
  Jessica (D:2)
  4 orc wizards
  A hound skeleton (D:4)
  3 mummies
  A gnoll (D:2)
  A howler monkey skeleton (D:3)
  5 adders
  2 worms
  4 dart slugs
  8 orcs
  7 endoplasms
  5 giant cockroaches
  3 goblins
  9 hobgoblins
  4 jackals
  3 quokkas
  9 ball pythons
  A ball python zombie (D:3)
  5 bats
  4 frilled lizards
  9 hobgoblin zombies (Ossuary)
  A jackal skeleton (D:3)
  2 jackal zombies (Ossuary)
  5 kobolds
  13 kobold zombies (Ossuary)
  8 orc zombies (Ossuary)
  A quokka skeleton (D:3)
  A quokka zombie (D:3)
  6 rats
  A rat zombie (Ossuary)
163 creatures vanquished.

Vanquished Creatures (others)
  3 withered plants (D:3)
3 creatures vanquished.

Grand Total: 166 creatures vanquished

Notes
Turn   | Place    | Note
-------+----------+-------------------------------------------
     0 | D:1      | pkoi the Demigod Fighter began the quest for the Orb.
     0 | D:1      | Reached XP level 1. HP: 18/18 MP: 3/3
   347 | D:1      | Found Finkiose's Weapon Boutique.
   393 | D:1      | Reached XP level 2. HP: 21/25 MP: 4/4
   450 | D:1      | Reached skill level 2 in Unarmed Combat
  1197 | D:2      | Reached XP level 3. HP: 31/31 MP: 5/5
  1246 | D:2      | Noticed Jessica
  1252 | D:2      | Killed Jessica
  1540 | D:2      | You fall into a shaft and drop 1 floor!
  1725 | D:3      | Reached XP level 4. HP: 39/39 MP: 6/6
  2541 | D:3      | Reached skill level 3 in Unarmed Combat
  2894 | D:3      | Reached XP level 5. HP: 38/46 MP: 5/7
  3072 | D:4      | Found a sand-covered staircase.
  3128 | Ossuary  | Entered an ossuary
  3518 | Ossuary  | Reached skill level 4 in Unarmed Combat
  3526 | Ossuary  | Reached XP level 6. HP: 26/52 MP: 5/8
  4242 | D:4      | Learned a level 3 spell: Ignite Poison
  4465 | D:5      | Entered Level 5 of the Dungeon
  4844 | D:5      | Noticed Edmund
  4845 | D:5      | Noticed a wraith
  4889 | D:4      | Killed Edmund
  4890 | D:4      | Reached skill level 5 in Unarmed Combat
  4890 | D:4      | Reached XP level 7. HP: 4/60 MP: 1/9
  5395 | D:4      | HP: 2/60 [wraith (9)]
  5876 | D:5      | Reached skill level 5 in Fighting
  6285 | D:5      | HP: 2/61 [orc/+0 hand axe (4)]
  6591 | D:6      | Reached skill level 6 in Unarmed Combat
  6639 | D:5      | Reached skill level 5 in Shields
  6983 | D:6      | Reached XP level 8. HP: 69/69 MP: 10/10
  6987 | D:6      | Learned a level 3 spell: Mephitic Cloud
  8031 | D:6      | Reached skill level 7 in Unarmed Combat
  9895 | D:7      | Noticed Joseph
 10080 | D:7      | Slain by Joseph

Illustrated notes

Levels and vault maps discovered:
D:1:      minmay_arrival_semitransparent, layout_loops_ring, serial_shops,
          nicolae_shop_bloodbath_and_beyond
D:2:      minmay_angry_zag, layout_loops_ring,
          shapermc_ecumenical_altar_acropolis, cheibrodos_gnoll_hut,
          uniq_jessica
D:3:      layout_loops_ring, nicolae_ru_path_of_blood,
          mainiacjoe_overflow_24_doors, serial_undead, serial_undead_e,
          serial_undead_b, serial_undead_a, serial_undead_b
D:4:      layout_rooms, gup_ossuary_entry_pyramid
D:5:      layout_gridville, uniq_edmund
D:6:      layout_cave_pools
D:7:      layout_basic, minmay_temple_entry_mist, uniq_joseph

Skill      XL: |  1  2  3  4  5  6  7  8 |
---------------+-------------------------+-----
Fighting       | 3 4 5 6 |  6.3
Unarmed Combat | 2 3 4 5 6 7 |  7.8
Armour         | 3 |  3.0
Shields        | 3 4 5 6 |  6.0

Action                   |  1- 3 |  4- 6 |  7- 9 || total
-------------------------+-------+-------+-------++-------
Melee: Unarmed           |   175 |   439 |   310 ||   924
Evoke: Wand              |       |     1 |    13 ||    14
  Use: Scroll            |     6 |     3 |     3 ||    12
Armor: Scale mail        |    23 |       |       ||    23
       Chain mail        |    53 |    30 |       ||    83
       Plate armour      |       |   169 |   257 ||   426
Dodge: Dodged            |    54 |    76 |    74 ||   204
Block: Buckler           |    46 |   115 |   118 ||   279
